Map: [ESL] Tropical Sacrifice

Players

Solar - Winner!

  • Race: Zerg Zerg
  • Spawn Location: 7:00

DnS

  • Race: Protoss Protoss
  • Spawn Location: 1:00

Event: DreamHack SC2 Masters 2022 Valencia

VOD

Have the link to the VOD?

Description

Time

  • Played on: July 1, 2022, 3:03 p.m.
  • Length: 16:41

All games in this series

Show
View Real Time Build Order
Export as new Build Order

Solar Zerg - Winner!

Build Orders: Hatch First 

Get SALT Encoding   

  12  0:00  Drone  
  13  0:13  Overlord  
  13  0:17  Drone  
  14  0:31  Drone  
  14  0:32  Drone  
  16  0:45  Drone  
  17  0:54  Hatchery  
  17  0:56  Drone  
  17  0:59  Drone  
  18  1:10  Extractor  
  17  1:14  Spawning Pool  
  17  1:18  Drone  
  17  1:21  Drone  
  18  1:30  Drone  
  19  1:40  Drone  
  20  1:50  Overlord  
  20  2:01  Queen  
  20  2:06  Queen, Zergling x4  
  26  2:12  Drone  
  26  2:14  Metabolic Boost  
  27  2:16  Drone  
  29  2:22  Drone  
  29  2:27  Drone  
  30  2:39  Hatchery  
  30  2:42  Drone  
  31  2:44  Drone  
  31  2:51  Queen  
  31  2:56  Overlord  
  34  2:58  Zergling x2  
  34  3:01  Drone  
  34  3:03  Drone  
  36  3:14  Drone x3  
  36  3:15  Drone x2  
  41  3:22  Queen  
  41  3:23  Drone  
  41  3:27  Overlord  
  44  3:32  Spore Crawler  
  44  3:33  Drone  
  44  3:36  Evolution Chamber  
  44  3:38  Drone  
  43  3:44  Queen  
  43  3:45  Drone  
  46  3:51  Queen  
  46  3:53  Drone  
  46  3:54  Drone  
  50  3:58  Spore Crawler  
  49  4:03  Drone x3  
  49  4:07  Overlord  
  49  4:09  Drone x2  
  54  4:13  Zerg Melee Weapons Level 1  
  54  4:14  Drone  
  54  4:16  Drone  
  56  4:18  Drone  
  56  4:22  Overlord  
  57  4:25  Spore Crawler, Drone  
  57  4:26  Drone  
  57  4:29  Drone  
  57  4:30  Drone  
  60  4:32  Drone x2  
  60  4:37  Drone  
  62  4:40  Drone  
  62  4:41  Drone x3  
  64  4:46  Drone x2  
  64  4:48  Drone x2  
  64  4:49  Drone  
  70  4:52  Drone  
  70  4:53  Drone  
  71  5:00  Drone x2  
  71  5:01  Overlord  
  71  5:02  Lair  
  71  5:03  Drone  
  71  5:04  Overlord  
  74  5:07  Overlord  
  74  5:16  Roach Warren  
  74  5:17  Extractor x2  
  74  5:19  Zergling x14  
  74  5:20  Zergling x2  
  78  5:26  Zergling x2  
  78  5:27  Zergling x4  
  78  5:28  Queen  
  81  5:30  Zergling x6  
  81  5:31  Zergling x2  
  81  5:34  Drone x2  
  89  5:43  Drone x2  
  89  5:45  Overlord  
  89  5:48  Zergling x6  
  94  5:52  Hatchery  
  94  5:53  Overlord  
  94  5:54  Zergling x8  
  97  5:57  Drone  
  97  6:00  Extractor  
  97  6:01  Overlord, Drone  
  97  6:02  Extractor, Zergling x2  
  94  6:06  Zergling x4  
  94  6:07  Glial Reconstitution  
  94  6:08  Zerg Melee Weapons Level 2  
  94  6:10  Zergling x2  
  94  6:13  Baneling Nest  
  94  6:15  Zergling x2  
  94  6:17  Roach, Zergling x2  
  97  6:19  Zergling x4  
  97  6:21  Roach  
  101  6:27  Zergling x4  
  101  6:31  Zergling x8  
  105  6:35  Drone x2  
  105  6:36  Drone  
  105  6:39  Overlord  
  108  6:40  Drone  
  108  6:43  Overlord  
  108  6:46  Roach x3  
  114  6:50  Drone  
  114  6:51  Overlord  
  114  6:54  Overlord  
  115  7:01  Centrifugal Hooks, Drone x2  
  115  7:05  Roach x2  
  115  7:07  Drone x3  
  123  7:10  Queen  
  123  7:11  Zergling x6  
  123  7:14  Drone x2  
  123  7:15  Drone x2  
  130  7:16  Evolution Chamber, Drone  
  130  7:17  Drone  
  130  7:18  Drone  
  132  7:23  Overlord  
  132  7:28  Drone x3  
  135  7:33  Spore Crawler  
  135  7:35  Zergling x2  
  135  7:37  Roach x2  
  135  7:38  Zergling x2  
  135  7:43  Zerg Ground Armor Level 1  
  140  7:44  Hatchery, Overseer  
  140  7:45  Zergling x6  
  140  7:47  Infestation Pit  
  140  7:50  Zergling x6  
  143  7:53  Zergling x6  
  143  7:54  Zergling x2  
  143  7:55  Zergling x2  
  143  7:56  Zergling x2  
  148  8:00  Zergling x8  
  152  8:05  Baneling x6  
  152  8:06  Baneling x4  
  152  8:11  Drone x2  
  154  8:13  Roach x2, Zergling x2  
  154  8:14  Overlord, Baneling  
  154  8:16  Overlord  
  154  8:18  Overlord  
  159  8:20  Zergling x2  
  159  8:23  Zergling x4  
  159  8:25  Hive  
  159  8:28  Extractor  
  159  8:30  Roach x2  
  153  8:34  Zergling x4  
  153  8:37  Zergling x16  
  153  8:39  Zergling x10  
  167  8:42  Drone  
  167  8:44  Ravager x4  
  167  8:45  Baneling x7  
  167  8:47  Drone x2  
  174  8:49  Drone x2  
  174  8:50  Drone  
  174  8:52  Drone  
  174  8:55  Overlord  
  178  8:58  Drone  
  178  8:59  Spore Crawler, Drone  
  178  9:00  Zergling x2  
  180  9:03  Zergling x2  
  180  9:06  Zergling x2  
  180  9:10  Roach x5  
  180  9:13  Baneling x6  
  180  9:14  Zergling x8  
  191  9:17  Baneling x2  
  191  9:21  Zergling x12  
  195  9:27  Drone  
  195  9:28  Spine Crawler, Drone  
  195  9:29  Spine Crawler, Zergling x8  
  196  9:34  Overlord  
  196  9:35  Overlord  
  193  9:39  Zergling x10  
  193  9:44  Roach  
  193  9:45  Roach, Zergling x2  
  195  9:46  Zergling x2  
  195  9:49  Baneling x11  
  195  9:51  Zergling x8  
  195  9:52  Baneling x2  
  198  9:55  Zerg Ground Armor Level 2, Zerg Melee Weapons Level 3  
  198  9:57  Adrenal Glands  
  198  9:58  Drone  
  198  9:59  Drone  
  199  10:09  Zergling x8  
  199  10:11  Zergling x12  
  199  10:13  Zergling x2  
  199  10:17  Overlord  
  198  10:28  Baneling  
  198  10:29  Baneling x9  
  198  10:31  Zergling x2  
  198  10:34  Ultralisk Cavern  
  198  10:40  Baneling x2  
  198  10:41  Zergling x2  
  198  10:53  Zergling x6, Hatchery  
  193  10:58  Zergling x8  
  193  10:59  Zergling x2  
  193  11:00  Zergling x6  
  193  11:03  Zergling x8  
  196  11:04  Zergling x2  
  196  11:05  Zergling x8  
  196  11:08  Zergling x6  
  196  11:09  Zergling x2  
  196  11:11  Baneling x23  
  199  11:12  Baneling x2  
  199  11:20  Chitinous Plating  
  199  11:25  Zergling x4  
  200  11:27  Zergling x4  
  200  11:31  Zergling x2  
  200  11:38  Ultralisk  
  200  11:39  Zergling x10  
  182  11:47  Zergling x2  
  182  11:48  Zergling x22  
  182  11:51  Baneling x5  
  182  11:52  Baneling x7  
  193  11:59  Extractor  
  193  12:00  Zergling x10  
  193  12:01  Zergling x4  
  199  12:04  Ultralisk  
  199  12:07  Zergling x12  
  193  12:09  Baneling x2  
  193  12:11  Zergling x6  
  193  12:12  Spore Crawler  
  193  12:13  Zergling x4  
  193  12:14  Zergling x6  
  199  12:26  Baneling  
  199  12:27  Baneling x14  
  198  12:30  Zergling x2  
  198  12:31  Zergling x2  
  198  12:33  Zergling x2  
  197  12:39  Zergling x10  
  178  12:44  Zergling x16  
  178  12:48  Ultralisk, Zergling x10  
  178  12:49  Zergling x4  
  160  12:52  Zergling x12  
  160  12:53  Queen x2  
  160  12:56  Zergling x2  
  161  12:59  Queen x2  
  161  13:02  Ultralisk, Zergling x2  
  161  13:03  Zergling x10  
  161  13:04  Zergling x14  
  169  13:08  Zergling x4  
  169  13:10  Baneling x6  
  169  13:11  Baneling x5  
  169  13:12  Zergling x8  
  175  13:13  Zergling x4  
  175  13:16  Anabolic Synthesis  
  175  13:18  Zergling x4  
  179  13:20  Baneling x2  
  179  13:21  Zergling x2  
  179  13:23  Zergling x2  
  179  13:24  Zergling x4  
  181  13:28  Zergling x2  
  181  13:29  Zergling x2  
  181  13:31  Baneling x3  
  181  13:32  Zergling x2  
  177  13:35  Zergling x6  
  177  13:38  Ultralisk, Zergling x6  
  184  13:42  Zergling x10  
  184  13:46  Baneling  
  184  13:47  Drone x3, Baneling  
  184  13:48  Zergling x2  
  193  13:52  Drone  
  193  13:58  Zergling x14  
  193  14:02  Drone  
  199  14:03  Drone  
  199  14:07  Baneling x8  
  199  14:22  Zergling x16  
  195  14:26  Zergling x2  
  195  14:27  Zergling x12  
  195  14:30  Zergling x16  
  198  14:31  Zergling x2  
  198  14:33  Baneling x6  
  198  14:35  Zergling x2  
  198  14:36  Zergling x4  
  196  14:39  Zergling x8  
  196  14:41  Zergling x6  
  196  14:44  Ultralisk  
  197  14:45  Zergling x6  
  181  14:53  Ultralisk x2, Zergling x4  
  181  14:59  Zergling x2  
  180  15:03  Zergling x14  
  170  15:07  Ultralisk  
  170  15:08  Zergling x4  
  170  15:09  Zergling x6  
  170  15:10  Zergling x8  
  185  15:18  Zergling x4  
  185  15:19  Zergling x6  
  190  15:23  Baneling x9  
  190  15:24  Baneling x5  
  190  15:25  Zergling x6  
  193  15:29  Hatchery  
  186  15:52  Zergling x12  
  186  15:55  Zergling x12  
  175  15:57  Zergling x16  
  175  16:02  Zergling x4  
  184  16:07  Baneling  
  184  16:08  Baneling x30  
  184  16:09  Zergling x24  
  194  16:13  Zergling x2  
  194  16:15  Drone x2  
  197  16:19  Zergling x4  
Show
View Real Time Build Order
Export as new Build Order

DnS Protoss 

Build Orders: 1 Gate Expand, Oracle Opening 

Get SALT Encoding   

  12  0:00  Probe  
  13  0:12  Probe  
  14  0:21  Pylon  
  14  0:24  Probe  
  15  0:39  Probe (Chrono Boost)  
  16  0:45  Gateway  
  16  0:48  Probe (Chrono Boost)  
  17  0:51  Assimilator  
  17  0:53  Probe  
  18  1:05  Probe  
  19  1:17  Probe  
  20  1:29  Nexus  
  20  1:39  Cybernetics Core  
  20  1:43  Probe  
  21  1:48  Assimilator  
  21  1:55  Probe  
  21  1:58  Pylon  
  22  2:07  Probe (Chrono Boost)  
  23  2:16  Adept  
  23  2:19  Probe (Chrono Boost)  
  23  2:22  Stargate  
  26  2:25  Probe (Chrono Boost)  
  27  2:32  Warp Gate  
  27  2:36  Probe (Chrono Boost)  
  28  2:43  Probe (Chrono Boost)  
  30  2:44  Probe (Chrono Boost)  
  30  2:48  Stalker  
  32  2:54  Probe x2 (Chrono Boost)  
  34  3:03  Oracle (Chrono Boost), Probe (Chrono Boost)  
  34  3:05  Probe (Chrono Boost)  
  36  3:08  Probe (Chrono Boost)  
  40  3:14  Probe  
  41  3:20  Gateway  
  41  3:22  Probe  
  41  3:23  Pylon  
  42  3:30  Probe  
  42  3:33  Oracle  
  46  3:41  Probe  
  46  3:44  Probe  
  48  3:52  Nexus  
  48  3:54  Probe  
  49  3:56  Probe  
  49  4:00  Pylon  
  50  4:06  Probe  
  51  4:10  Assimilator  
  51  4:13  Oracle, Gateway  
  54  4:19  Probe  
  54  4:20  Stalker  
  54  4:22  Probe  
  58  4:27  Pylon  
  58  4:32  Probe  
  58  4:33  Stalker  
  58  4:35  Probe  
  62  4:44  Probe  
  60  4:46  Stalker  
  60  4:47  Probe  
  60  4:50  Assimilator  
  63  4:53  Pylon  
  63  4:56  Probe  
  63  4:58  Stalker  
  63  4:59  Probe (Chrono Boost)  
  67  5:00  Twilight Council  
  67  5:02  Forge  
  68  5:10  Probe (Chrono Boost)  
  68  5:11  Probe (Chrono Boost)  
  70  5:14  Probe (Chrono Boost)  
  70  5:15  Stalker  
  70  5:19  Probe (Chrono Boost)  
  70  5:20  Probe (Chrono Boost)  
  75  5:21  Stalker  
  75  5:22  Probe (Chrono Boost)  
  75  5:25  Probe  
  75  5:28  Stalker  
  80  5:29  Probe  
  80  5:31  Protoss Ground Weapons Level 1 (Chrono Boost)  
  80  5:33  Probe  
  82  5:37  Probe  
  82  5:40  Blink (Chrono Boost)  
  82  5:42  Probe  
  84  5:45  Probe  
  84  5:49  Probe  
  86  5:52  Stalker  
  86  5:53  Stalker x2  
  86  5:54  Probe  
  93  5:58  Photon Cannon  
  93  6:11  Gateway  
  93  6:12  Forge  
  93  6:14  Gateway  
  93  6:15  Gateway  
  93  6:20  Pylon  
  93  6:21  Pylon  
  93  6:32  Nexus  
  93  6:35  Oracle (Chrono Boost)  
  93  6:37  Pylon  
  93  6:38  Pylon, Probe x3  
  99  6:41  Stalker x3  
  99  6:46  Shield Battery  
  105  6:50  Pylon  
  105  6:54  Gateway  
  103  7:01  Pylon  
  103  7:05  Stalker x4  
  111  7:13  Gateway  
  111  7:16  Gateway  
  111  7:17  Protoss Ground Armor Level 1 (Chrono Boost)  
  111  7:21  Nexus  
  111  7:28  Stalker x5  
  121  7:30  Protoss Ground Weapons Level 2 (Chrono Boost)  
  121  7:31  Pylon  
  121  7:32  Probe  
  121  7:34  Probe x2  
  124  7:41  Charge  
  124  7:44  Probe  
  124  7:52  Stalker x2  
  124  7:53  Stalker  
  124  7:57  Probe  
  124  7:58  Gateway x2  
  131  8:01  Gateway  
  131  8:02  Gateway  
  131  8:03  Probe  
  132  8:05  Photon Cannon  
  132  8:14  Stalker x3  
  132  8:16  Shield Battery  
  138  8:22  Stalker  
  138  8:23  Stalker x2  
  138  8:25  Shield Battery  
  142  8:27  Shield Battery  
  140  8:35  Pylon  
  140  8:37  Oracle  
  140  8:42  Pylon  
  140  8:43  Probe x4  
  140  8:47  Pylon  
  144  8:55  Probe x2  
  146  9:02  Zealot x6  
  154  9:03  Zealot  
  154  9:05  Zealot  
  154  9:08  Zealot  
  164  9:15  Photon Cannon  
  164  9:16  Zealot  
  166  9:17  Shield Battery  
  166  9:25  Protoss Ground Armor Level 2 (Chrono Boost), Zealot x3  
  172  9:33  Pylon  
  172  9:34  Pylon  
  172  9:36  Pylon  
  166  9:44  Probe x3 (Chrono Boost)  
  170  9:47  Probe (Chrono Boost)  
  154  9:54  Zealot x7  
  154  9:55  Zealot  
  154  9:56  Probe x3 (Chrono Boost)  
  174  10:01  Probe x2 (Chrono Boost)  
  174  10:03  Probe (Chrono Boost)  
  174  10:05  Templar Archives  
  176  10:13  Probe  
  159  10:16  Probe x2  
  159  10:17  Zealot x3  
  159  10:18  Zealot  
  169  10:22  Probe  
  169  10:25  Probe  
  169  10:26  Protoss Ground Weapons Level 3 (Chrono Boost)  
  169  10:28  Probe x2  
  169  10:34  Probe, Assimilator  
  170  10:37  Probe  
  171  10:43  High Templar x5  
  171  10:44  High Templar  
  171  10:45  Probe x2  
  171  10:46  Probe, Assimilator  
  171  10:47  Archon x3  
  171  10:49  Assimilator  
  183  10:59  Shield Battery  
  183  11:00  Photon Cannon  
  163  11:11  High Templar x2  
  163  11:12  Zealot x3  
  173  11:20  Photon Cannon  
  173  11:21  Archon  
  173  11:22  Photon Cannon  
  173  11:23  Zealot x6  
  185  11:37  Zealot x3  
  182  11:43  Zealot x6  
  186  11:51  Protoss Shields Level 1 (Chrono Boost)  
  186  11:52  High Templar x2  
  186  11:53  Probe  
  186  11:54  Probe x2  
  193  11:59  Archon  
  193  12:07  High Templar x3  
  193  12:08  High Templar  
  175  12:11  Zealot x3  
  175  12:12  Zealot x2  
  175  12:13  Archon x2  
  185  12:16  Nexus  
  184  12:25  Zealot x2  
  188  12:32  Zealot x4  
  188  12:37  Pylon  
  182  12:47  Zealot x6  
  165  12:51  Probe  
  165  12:54  Probe  
  150  13:02  High Templar x2  
  150  13:03  High Templar x3  
  150  13:04  Probe  
  150  13:05  Probe x2  
  155  13:07  Photon Cannon, Archon  
  155  13:08  Photon Cannon, Archon  
  155  13:09  Shield Battery, High Templar  
  157  13:13  Archon, Probe, Robotics Facility  
  157  13:14  Zealot x2  
  157  13:15  Zealot x3  
  157  13:17  Probe  
  157  13:19  Protoss Ground Armor Level 3 (Chrono Boost)  
  156  13:42  Nexus  
  156  13:44  Pylon  
  156  13:46  High Templar x4  
  162  13:53  Archon x2  
  158  13:55  Zealot  
  158  13:56  Zealot x4  
  158  14:02  Immortal (Chrono Boost)  
  168  14:09  Zealot x2  
  173  14:11  Pylon  
  173  14:22  Zealot x2  
  173  14:23  Zealot x4  
  161  14:32  Zealot  
  161  14:33  Zealot x2  
  155  14:44  Zealot x6  
  133  15:02  High Templar x5  
  115  15:08  Archon x2, High Templar x3  
  115  15:09  Immortal (Chrono Boost), High Templar  
  106  15:14  Archon x2  
  106  15:19  Assimilator  
  106  15:21  Zealot  
  108  15:31  High Templar  
  108  15:38  Zealot x2  
  108  15:39  Zealot  
  111  15:46  Archon  
  103  15:54  High Templar  
  103  15:55  High Templar x3  
  103  15:56  Probe x3 (Chrono Boost)  
  101  15:58  Archon  
  101  15:59  Archon  
  101  16:02  Probe (Chrono Boost)  
  99  16:05  Probe (Chrono Boost)  
  99  16:06  Probe x2 (Chrono Boost)  
  99  16:07  Stalker  
  99  16:08  Stalker x3  
  99  16:10  Probe (Chrono Boost)  
  95  16:20  Zealot  

Tags
 
Add a new tag
Caveats
  • Supply blocks, unpowered buildings, or Contaminate may cause inaccurate times.
  • Supply counts are checked every 10 seconds.